 Dungeon Crawl Stone Soup version 0.29.1-debian-4-g95531337e3 (webtiles) character file.

Game seed: 15465396646103857096

131 Malachi the Cutter (level 4, -3/33 HPs)
             Began as a Demonspawn Brigand on Sept 13, 2022.
             Slain by a gnoll
             ... wielding a +0 flail
              (7 damage)
             ... on level 2 of the Dungeon.
             The game lasted 00:01:52 (2135 turns).

Malachi the Cutter (Demonspawn Brigand)             Turns: 2135, Time: 00:01:52

Health: -3/33      AC:  6    Str: 11    XL:     4   Next: 91%
Magic:  4/4        EV: 11    Int: 12    God:
Gold:   71         SH:  0    Dex: 17    Spells: 3/3 levels left

rFire   + + .      SeeInvis .   o - +2 dagger (venom)
rCold   . . .      Faith    .   (no shield)
rNeg    . . .      Spirit   .   t - +1 leather armour "Ditec" {rF++}
rPois   .          Reflect  .   u - +0 helmet
rElec   .          Harm     .   c - +0 cloak
rCorr   .          Rampage  .   (no gloves)
Will    .....                   (no boots)
Stlth   ++........              (no amulet)
HPRegen 0.11/turn               (no ring)
MPRegen 0.09/turn               (no ring)

@: no status effects
A: weakness stinger 1
a: no special abilities


You were on level 2 of the Dungeon.
You visited 1 branch of the dungeon, and saw 2 of its levels.

You collected 71 gold pieces.

Inventory:

Hand Weapons
 a - a +2 dagger
 o - a +2 dagger of venom (weapon)
Missiles
 d - 14 poisoned darts (quivered)
 e - 3 curare-tipped darts
Armour
 c - a +0 cloak (worn)
 t - the +1 leather armour "Ditec" (worn) {rF++}
   (You found it on level 2 of the Dungeon)

   rF:        It greatly protects you from fire.
 u - a +0 helmet (worn)
Scrolls
 g - a scroll of fear {unknown}
 h - 3 scrolls of identify {unknown}
 i - a scroll of enchant armour {unknown}
 j - 3 scrolls of poison {unknown}
 m - 2 scrolls of immolation {unknown}
 q - a scroll of noise {unknown}
 s - 2 scrolls of teleportation {unknown}
Potions
 f - a potion of heal wounds {unknown}
 k - 2 potions of flight {unknown}
 l - 2 potions of curing {unknown}
 n - a potion of berserk rage {unknown}
 p - a potion of might {unknown}
 r - a potion of degeneration {unknown}


   Skills:
 - Level 2.0 Fighting
 + Level 4.7 Short Blades
 - Level 1.7 Throwing
 - Level 0.8 Dodging
 - Level 3.6 Stealth


You had 3 spell levels left.
You didn't know any spells.
Your spell library was empty.

Dungeon Overview and Level Annotations

Branches:
Dungeon (2/15)

Altars:


Innate Abilities, Weirdness & Mutations

You have a small tail.


Message History

No target in view!
You see here a +0 helmet.
u - a +0 helmet You start putting on your armour.
You continue putting on your +0 helmet. x4
You finish putting on your +0 helmet.
You drop a +0 robe.
Found a stone staircase leading up.
You see here a +0 robe.
A gnoll and a frilled lizard come into view.
Found a stone staircase leading down.
There are monsters nearby!
There are monsters nearby!
The helpless frilled lizard fails to defend itself.
You impale the frilled lizard!!
You kill the frilled lizard!
The gnoll shouts!
You hear a shout!
The gnoll hits you with a +0 club.
There is an open door here.
The gnoll shouts!
You hit the gnoll.
The gnoll is poisoned.
The gnoll is lightly wounded.
You hit the gnoll but do no damage.
The gnoll looks as sick as possible!
You tail-slap the gnoll, but do no damage.
The gnoll is lightly wounded.
The gnoll barely misses you.
The gnoll hits you from afar with a +0 halberd.
You barely miss the gnoll.
The gnoll is moderately wounded.
The gnoll hits you with a +0 club. The gnoll closely misses you.
You hit the gnoll.
You kill the gnoll!
The gnoll hits you with a +0 club. The gnoll closely misses you.
The gnoll hits you from afar with a +0 halberd!
* * * LOW HITPOINT WARNING * * *
You are too injured to fight recklessly!
You are too injured to fight recklessly!
The gnoll attacks as you move away! The gnoll hits you with a +0 flail.
* * * LOW HITPOINT WARNING * * *
The gnoll attacks as you move away! The gnoll hits you with a +0 flail!
You die...

........# ......#.#
........# #####.#######
#### #........... ..#
##.##.##########†# #
...##.........<#.##.####
......^....[..........>.
.......##.....##@#.....#
######.##.....##g#..#...
#### #.#########'# .....
#... #.# #.)gg......
#....#.# #..........
#....#.#######..........
............##..........
............##....####..
......).....###......#..


You could see 3 gnolls.

Vanquished Creatures
  Jessica (D:2)
  Natasha (twice) (D:2)
  An adder (D:2)
  A gnoll (D:2)
  2 endoplasms
  A giant cockroach (D:2)
  6 goblins
  7 hobgoblins
  2 quokkas (D:2)
  4 ball pythons
  4 bats (D:1)
  3 frilled lizards (D:2)
  3 kobolds
  4 rats
41 creatures vanquished.

Notes
Turn   | Place    | Note
-------+----------+-------------------------------------------
     0 | D:1      | Malachi the Demonspawn Brigand began the quest for the Orb.
     0 | D:1      | Reached XP level 1. HP: 16/16 MP: 1/1
   116 | D:1      | Reached skill level 2 in Short Blades
   555 | D:1      | Gained mutation: You have a small tail. [demonic ancestry]
   555 | D:1      | Reached XP level 2. HP: 22/22 MP: 2/2
   681 | D:1      | Found a faded altar of an unknown god.
   963 | D:2      | Noticed Jessica
   963 | D:2      | Noticed Natasha
   966 | D:2      | Killed Jessica
   967 | D:2      | Reached skill level 3 in Short Blades
   967 | D:2      | Reached XP level 3. HP: 12/27 MP: 3/3
  1229 | D:2      | Killed Natasha
  1230 | D:2      | Reached XP level 4. HP: 27/33 MP: 4/4
  1314 | D:2      | Noticed Natasha
  1317 | D:2      | Killed Natasha
  1318 | D:2      | Reached skill level 4 in Short Blades
  1370 | D:2      | Identified the +1 leather armour "Ditec" {rF++}
  2135 | D:2      | Slain by a gnoll

Illustrated notes

Levels and vault maps discovered:
D:1:      evilmike_arrival_crescent, layout_basic,
          hellmonk_ecumenical_altar_arch_garden, serial_glass, glass_columns_a,
          glass_columns_b
D:2:      layout_basic, uniq_jessica, uniq_natasha

Skill      XL: |  1  2  3  4 |
---------------+-------------+-----
Short Blades   | 2 3 4 |  4.7
Fighting       | |  2.0
Throwing       | |  1.7
Dodging        | |  0.8
Stealth        | |  3.6

Action                   |  1- 3 |  4- 6 || total
-------------------------+-------+-------++-------
Melee: Dagger            |    41 |    54 ||    95
       Punch             |     1 |       ||     1
       Tailslap          |     2 |     5 ||     7
 Stab: Sleeping          |     3 |     3 ||     6
       Distracted        |       |     1 ||     1
Armor: Robe              |     6 |       ||     6
       Leather armour    |       |    10 ||    10
Dodge: Dodged            |    16 |    27 ||    43
